 Dungeon Crawl Stone Soup version 0.28-a0-313-gbc0475efdd (webtiles) character file.

Game seed: 8340479410086407514

263 ezpacito the Skirmisher (level 5, 0/42 HPs)
             Began as a Demonspawn Abyssal Knight on Aug 31, 2021.
             Was a Believer of Lugonu.
             Slain by an orc (7 damage)
             ... on level 4 of the Dungeon.
             The game lasted 00:07:38 (3935 turns).

ezpacito the Skirmisher (Demonspawn Abyssal Knight) Turns: 3935, Time: 00:07:38

Health: 0/42       AC: 15    Str: 12    XL:     5   Next: 98%
Magic:  7/7        EV: 10    Int: 13    God:    Lugonu [**....]
Gold:   109        SH:  0    Dex: 14    Spells: 7/7 levels left

rFire   . . .      SeeInvis .   a - +1 hand axe
rCold   . . .      Faith    .   (no shield)
rNeg    . . .      Spirit   .   g - +3 chain mail
rPois   .          Reflect  .   (no helmet)
rElec   .          Harm     .   (no cloak)
rCorr   +          Rampage  .   (no gloves)
Will    .....                   c - +0 pair of boots
Stlth   ..........              (no amulet)
HPRegen 0.14/turn               i - +4 ring of evasion
MPRegen 0.10/turn               k - ring of resist corrosion

@: confused
A: molten scales 1, powered by death 1
a: Renounce Religion, Depart the Abyss, Bend Space


You were on level 4 of the Dungeon.
You worshipped Lugonu.
Lugonu was pleased with you.
You visited 1 branch of the dungeon, and saw 4 of its levels.
You visited the Abyss 1 time.

You collected 109 gold pieces.

Inventory:

Hand Weapons
 a - a +1 hand axe (weapon)
 h - a +2 short sword of chaos
 l - a +0 war axe
Missiles
 e - 42 stones (quivered)
 j - 2 boomerangs
Armour
 c - a +0 pair of boots (worn)
 g - a +3 chain mail (worn)
Jewellery
 i - a +4 ring of evasion (left hand)
 k - a ring of resist corrosion (right hand)
Scrolls
 d - 2 scrolls of identify
 f - a scroll of noise


   Skills:
 + Level 3.6 Fighting
 * Level 3.2 Axes
 + Level 1.3 Throwing
 + Level 2.5 Armour
 + Level 2.0 Dodging
 + Level 1.8 Spellcasting
 + Level 3.4 Invocations


You had 7 spell levels left.
You didn't know any spells.
Your spell library contained the following spells:

 Spells                   Type           Power      Damage    Failure   Level
 Dazzling Flash           Conj/Hex       2%         N/A       100%        3
 Agony                    Necr           1%         N/A       100%        5
 Iskenderun's Battlesphe  Conj           1%         2d6       100%        5
 Silence                  Hex/Air        0%         N/A       100%        5
 Conjure Ball Lightning   Conj/Air       0%         3x3d6     100%        6
 Orb of Destruction       Conj           0%         N/A       100%        7


Dungeon Overview and Level Annotations

Branches:
Dungeon (4/15)
 Temple: D:4-7

Altars:
Xom

Annotations:
D:4 Pikel


Innate Abilities, Weirdness & Mutations

You are partially covered in molten scales. (AC +2)
You regenerate a little health from kills.


Message History

Your will is overpowered!
You are more confused.
An orc comes into view. It is wielding a +0 flail.
The orc shouts!
Pikel zaps a wand.
You resist with some effort. Pikel waves his whip at you.
The orc barely misses you.
You miss Pikel. You barely miss the orc. The orc barely misses you.
Pikel hits you with a +2 whip of flaming.
Pikel burns you.
You bump into the rock wall.
The orc closely misses you. Pikel barely misses you.
The lemure hits you but does no damage.
You bump into the rock wall.
The orc barely misses you. Pikel barely misses you.
The lemure hits you but does no damage.
You bump into the rock wall.
The orc hits you with a +0 flail.
Pikel hits you with a +2 whip of flaming!
Pikel burns you. The lemure hits you but does no damage.
You bump into the rock wall.
The orc hits you but does no damage.
Pikel zaps a wand.
Your will is overpowered!
You are more confused.
The lemure hits you but does no damage.
You are too confused!
You're too confused to aim your attacks!
You aren't carrying any potions.
You hit the orc.
The orc is heavily wounded.
You miss Pikel. You barely miss the lemure.
The orc hits you but does no damage. Pikel hits you but does no damage.
The lemure hits you but does no damage.
Okay, then.
The orc hits you but does no damage. The lemure hits you.
* * * LOW HITPOINT WARNING * * *
Found 2 fuming orange potions.
Found a stone staircase leading down.
You're too confused to move!
The orc barely misses you.
You bump into the rock wall.
The orc hits you with a +0 flail.
* * * LOW HITPOINT WARNING * * *
You bump into the rock wall.
The orc barely misses you.
You closely miss the orc.
The orc is heavily wounded.
The orc hits you with a +0 flail!
You die...

........#.
........##
!......> ......#
..... ... #.# #@#
## ..# #o## .# #.#
####K5# .# #.#
#.55h.# .# #.#
#.##..# .# #.#
#.##........ .#
#.# #5##.#######
.######.#####5##.#
.##......K5.5h##.#


You could see Pikel, 2 lemures, an orc and a jackal.

Vanquished Creatures
  Sigmund (D:3)
  A lemure (D:4)
  2 adders (D:2)
  3 dart slugs
  An orc (D:3)
  4 ball pythons
  4 bats (D:1)
  5 endoplasms
  4 giant cockroaches
  6 goblins
  2 hobgoblins
  7 jackals
  11 kobolds
  4 quokkas
  2 frilled lizards
  10 rats
67 creatures vanquished.

Vanquished Creatures (others)
  A fungus (D:1)
  5 plants
6 creatures vanquished.

Grand Total: 73 creatures vanquished

Notes
Turn   | Place    | Note
-------+----------+-------------------------------------------
     0 | Abyss:1  | ezpacito the Demonspawn Abyssal Knight began the quest for
                  | the Orb.
     0 | Abyss:1  | Reached XP level 1. HP: 18/18 MP: 2/2
    67 | Abyss:1  | Noticed a thrashing horror
    71 | D:1      | Escaped the Abyss
   261 | D:1      | Reached skill level 1 in Dodging
   275 | D:1      | Reached * piety under Lugonu
   425 | D:1      | Gained mutation: You regenerate a little health from kills.
                  | [demonic ancestry]
   425 | D:1      | Reached XP level 2. HP: 6/24 MP: 3/3
  1005 | D:1      | Gained mutation: You are partially covered in molten
                  | scales. (AC +2) [demonic ancestry]
  1005 | D:1      | Reached XP level 3. HP: 27/29 MP: 3/5
  1522 | D:2      | Reached skill level 1 in Spellcasting
  1569 | D:2      | Reached ** piety under Lugonu
  1570 | D:2      | Reached XP level 4. HP: 35/35 MP: 6/6
  1589 | D:2      | Found a faded altar of an unknown god.
  1973 | D:3      | Found a large runed translucent door.
  1973 | D:3      | Found a large runed translucent door.
  1979 | D:3      | Found a shimmering altar of Xom.
  2078 | D:3      | Noticed Sigmund
  3370 | D:3      | Killed Sigmund
  3371 | D:3      | Reached skill level 1 in Throwing
  3371 | D:3      | Reached XP level 5. HP: 28/42 MP: 7/7
  3631 | D:4      | Noticed a lemure
  3632 | D:4      | Noticed Pikel
  3633 | D:4      | Noticed a lemure
  3635 | D:4      | Noticed a lemure
  3636 | D:4      | Noticed a lemure
  3708 | D:4      | Killed a lemure
  3935 | D:4      | Slain by an orc

Illustrated notes

Levels and vault maps discovered:
D:1:      lemuel_arrival_muddy, layout_loops_ring, st_stairs_12,
          minmay_pentomino_x4
D:2:      layout_rooms, shapermc_ecumenical_altar_acropolis
D:3:      due_chaos_kobolds, layout_rooms, minmay_misc_feat_doors, uniq_sigmund
D:4:      layout_basic, uniq_pikel, uniq_robin, uniq_crazy_yiuf_cottage,
          uniq_natasha

Skill      XL: |  1  2  3  4 |
---------------+-------------+-----
Dodging        | 1 2 |  2.0
Axes           | 2 3 |  3.2
Armour         | 2 |  2.5
Spellcasting   | 1 |  1.8
Throwing       | 1 |  1.3
Invocations    | 3 |  3.4
Fighting       | |  3.6

Action                   |  1- 3 |  4- 6 || total
-------------------------+-------+-------++-------
Melee: Hand axe          |   130 |   139 ||   269
Throw: Stone             |       |     4 ||     4
Invok: Depart the Abyss  |     1 |       ||     1
  Use: Scroll            |     2 |     8 ||    10
       Potion            |     1 |     4 ||     5
Armor: Leather armour    |    49 |       ||    49
       Chain mail        |    41 |    82 ||   123
Dodge: Dodged            |    98 |    75 ||   173

Table legend: (Time is in decaauts)
 A = Elapsed time spent in this place.
 B = Non-inter-level travel time spent in this place.
 C = Inter-level travel time spent in this place.
 D = Time resting spent in this place.
 E = Time spent auto-exploring this place.
 F = Levels seen in this place.
 G = Mean time per level.
                   A        B        C        D        E       F      G
               +--------+--------+--------+--------+--------+-----+--------+
         Total |   3952 |   3814 |    138 |   1259 |   1807 |   5 |  790.4 |
       Dungeon |   3881 |   3743 |    138 |   1259 |   1744 |   4 |  970.2 |
         Abyss |     71 |     71 |      0 |      0 |     63 |   1 |   71.0 |
               +--------+--------+--------+--------+--------+-----+--------+

Top non-repeatable levels by time:
     D:2: 1421 daAuts
     D:1: 1171 daAuts
     D:3: 972 daAuts
     D:4: 316 daAuts
 Abyss:1: 71 daAuts
